 Dungeon Crawl Stone Soup version 0.20.1-1-g8b1a95d (webtiles) character file.

98 raph the Grave Robber (level 4, -2/37 HPs)
             Began as a Deep Dwarf Necromancer on Nov 3, 2017.
             Slain by an ogre
             ... wielding a +0 giant club
              (28 damage)
             ... on level 3 of the Dungeon.
             The game lasted 00:06:51 (3035 turns).

raph the Grave Robber (Deep Dwarf Necromancer)      Turns: 3035, Time: 00:06:51

Health: -2/37      AC:  3    Str: 12    XL:     4   Next: 44%
Magic:  0/7        EV: 12    Int: 16    God:
Gold:   78         SH:  0    Dex: 13    Spells: 3/8 levels left

rFire    . . .     SeeInvis .   e - +0 dagger
rCold    . . .     Gourm    .   (no shield)
rNeg     . . .     Faith    .   f - +0 leather armour
rPois    .         Spirit   .   (no helmet)
rElec    .         Reflect  .   (no cloak)
rCorr    .         Harm     .   (no gloves)
MR       .....                  (no boots)
Stlth    ++........             (no amulet)
Regen    0.0/turn               n - ring of wizardry
MPRegen  0.1/turn               (no ring)

@: non-regenerating
A: damage resistance, heal wounds, sense surroundings 1, no regeneration
a: Heal Wounds


You were on level 3 of the Dungeon.
You were not hungry.

You visited 1 branch of the dungeon, and saw 3 of its levels.

You collected 78 gold pieces.

Inventory:

Hand Weapons
 e - a +0 dagger (weapon)
Armour
 a - a +0 robe
 f - a +0 leather armour (worn)
Jewellery
 n - a ring of wizardry (left hand)
Wands
 s - a wand of acid (7/15)
Scrolls
 h - 6 scrolls of identify {unknown}
 i - a scroll of amnesia {unknown}
 j - a scroll of enchant armour {unknown}
 p - 2 scrolls of teleportation {unknown}
Potions
 d - a potion of lignification {unknown}
 k - a potion of resistance {unknown}
 m - a potion of might {unknown}
 o - a potion of degeneration {unknown}
 q - a potion of flight {unknown}
 r - 2 potions of curing {unknown}
Books
 b - a book of Necromancy

   Spells                             Type                      Level
   a - Pain                           Necromancy                   1
   b - Animate Skeleton               Necromancy                   1
   c - Vampiric Draining              Necromancy                   3
   d - Regeneration                   Charms/Necromancy            3
   e - Animate Dead                   Necromancy                   4
   f - Control Undead                 Necromancy                   4
Comestibles
 c - 2 bread rations
 g - 3 fruits
 l - a meat ration


   Skills:
 + Level 0.3 Fighting
 - Level 0.3 Short Blades
 + Level 1.0 Armour
 + Level 2.5 Dodging
 + Level 3.2 Stealth
 + Level 2.5 Spellcasting
 * Level 5.1 Necromancy


You had 3 spell levels left.
You knew the following spells:

 Your Spells              Type           Power        Failure   Level  Hunger
a - Pain                  Necr           ###.         1%          1    #......
b - Animate Skeleton      Necr           N/A          1%          1    #......
c - Vampiric Draining     Necr           ###.......   3%          3    ###....


Dungeon Overview and Level Annotations

Branches:
Dungeon (3/15)

Altars:
Ashenzari
Cheibriados
Sif Muna


Innate Abilities, Weirdness & Mutations

You are resistant to damage.
You can heal yourself by infusing magical energy.
You passively map a small area around you.
You do not regenerate.


Message History

Evoke which item? (* to show all) (? for menu, Esc to quit)
Aiming: Corrosive Bolt (will waste charges)
Press: ? - help, Shift-Dir - straight line, f/p - ogre
Aim: an ogre, wielding a giant club (severely wounded)
The bolt of acid misses the ogre.
Evoking this partially-identified wand wasted a few charges.
Casting: Pain
Confirm with . or Enter, or press ? or * to list all spells.
Aiming: Pain
Press: ? - help, Shift-Dir - straight line, f/p - ogre
Aim: an ogre, wielding a giant club (severely wounded, chance to defeat MR: 78%)
The ogre writhes in agony!
Casting: Pain
Confirm with . or Enter, or press ? or * to list all spells.
Aiming: Pain
Press: ? - help, Shift-Dir - straight line, f/p - ogre
Aim: an ogre, wielding a giant club (almost dead, chance to defeat MR: 78%)
The ogre barely resists.
The ogre hits you with a giant club!!
Ouch! That really hurt!
You die...

#.##..#....<......# *
...#..#####.#########* *
..................... ,
.....####.#.################
*
..........................%.
....##....#..........######
#.#.##.###...............#
#.#.##.# #.#########.###.#
#.#.##.# #......@O.#.# #.#
#.# #.###########.#.###.#
#.# #...................#
#.# ##################### *
..#,, , , , ### * ** ,, , ,
,, , , * * , , ,


You could see an ogre.

Vanquished Creatures
  4 adders
  A worm (D:2)
  A dart slug (D:1)
  2 leopard geckos
  5 bats
  A giant cockroach (D:1)
  3 goblins
  8 hobgoblins
  6 jackals
  A quokka (D:3)
  14 frilled lizards
  3 kobolds
  11 rats
60 creatures vanquished.

Vanquished Creatures (collateral kills)
  A ball python (D:3)
  A goblin (D:1)
2 creatures vanquished.

Grand Total: 62 creatures vanquished

Notes
Turn   | Place    | Note
-------+----------+-------------------------------------------
     0 | D:1      | raph the Deep Dwarf Necromancer began the quest for the Orb.
     0 | D:1      | Reached XP level 1. HP: 15/15 MP: 3/3
    45 | D:1      | Learned a level 1 spell: Animate Skeleton
   326 | D:1      | Reached XP level 2. HP: 20/22 MP: 1/5
  1224 | D:2      | Reached XP level 3. HP: 18/28 MP: 2/6
  1296 | D:2      | Learned a level 3 spell: Vampiric Draining
  1334 | D:2      | Reached skill level 5 in Necromancy
  2222 | D:2      | Reached XP level 4. HP: 22/36 MP: 0/7
  2555 | D:3      | Found a shattered altar of Ashenzari.
  2556 | D:3      | Found a deep blue altar of Sif Muna.
  2568 | D:3      | Found a snail-covered altar of Cheibriados.
  2696 | D:3      | Noticed an ogre
  2715 | D:3      | Found a faded altar of an unknown god.
  2950 | D:3      | Reached skill level 1 in Armour
  3035 | D:3      | Slain by an ogre

Skill      XL: |  1  2  3  4 |
---------------+-------------+-----
Spellcasting   | 2 |  2.5
Necromancy     | 5 |  5.1
Stealth        | 3 |  3.2
Armour         | 1 |  1.0
Fighting       | |  0.3
Short Blades   | |  0.3
Dodging        | |  2.5

Action                   |  1- 3 |  4- 6 || total
-------------------------+-------+-------++-------
Melee: Dagger            |    70 |    16 ||    86
 Cast: Pain              |    63 |    14 ||    77
       Animate Skeleton  |    10 |     5 ||    15
       Vampiric Draining |    14 |    14 ||    28
Evoke: Wand              |       |     1 ||     1
 Stab: Sleeping          |     1 |       ||     1
  Eat: Chunk             |     5 |     5 ||    10
       Fruit             |     1 |       ||     1
Armor: Robe              |     1 |       ||     1
       Leather armour    |    17 |     5 ||    22
Dodge: Dodged            |    61 |    21 ||    82
